 Dungeon Crawl Stone Soup version 0.30-a0-696-g2367cd04db (webtiles) character file.

Game seed: 12868015737834947423

27904 NinjaNoafa the Spry (level 13, -1/65 HPs)
             Began as a Felid Summoner on Jan 20, 2023.
             Was an Initiate of Gozag.
             Slain by Zoap's ghost (4 damage)
             ... on level 1 of the Orcish Mines.
             The game lasted 01:19:08 (33255 turns).

NinjaNoafa the Spry (Felid Summoner)               Turns: 33255, Time: 01:19:09

Health: -1/65      AC:  7    Str:  4    XL:     13   Next: 6%
Magic:  0/28       EV: 34    Int: 20    God:    Gozag
Gold:   575        SH:  0    Dex: 24    Spells: 1/32 levels left
                                        Lives:  0   Deaths: 4

rFire   . . .      SeeInvis +    (weapon unavailable)
rCold   + . .      Faith    .    (shield unavailable)
rNeg    . . .      Spirit   +    (body armour unavailable)
rPois   .          Reflect  .    (helmet unavailable)
rElec   .          Harm     .    (cloak unavailable)
rCorr   .          Rampage  .    (gloves unavailable)
Will    +....                    (boots unavailable)
Stlth   +++                      k - amulet of guardian spirit
HPRegen 0.30/turn                F - +4 ring of protection
MPRegen 0.21/turn                N - +6 ring of dexterity

@: gold aura, studying Hexes, quick
A: very small, claws 1, fangs 3, see invisible, speed 1, shaggy fur 3, stealthy
paws, no weapons or thrown items, no armour, multi-lived
a: Renounce Religion, Potion Petition, Call Merchant, Bribe Branch


You were on level 1 of the Orcish Mines.
You worshipped Gozag.
Gozag was pleased with you.
You visited 5 branches of the dungeon, and saw 23 of its levels.

You collected 5630 gold pieces.
You spent 2454 gold pieces at shops.
You paid 2601 gold pieces to Gozag.

Inventory:

Jewellery
 g - a ring of protection from cold
 i - a ring of magical power
 k - an amulet of guardian spirit (around neck)
 q - a ring of positive energy
 E - a ring of protection from cold
 F - a +4 ring of protection (left paw)
 I - a ring of positive energy
 N - a +6 ring of dexterity (right paw)
 O - a +4 ring of slaying
 P - a ring of willpower
Wands
 o - a wand of flame (54)
 v - a wand of charming (7)
 x - a wand of digging (11)
 y - a wand of acid (4)
 B - a wand of roots (17)
Scrolls
 b - 2 scrolls of fear
 d - 2 scrolls of brand weapon {unknown}
 e - 6 scrolls of silence
 j - a scroll of torment {unknown}
 l - a scroll of magic mapping
 m - 4 scrolls of fog
 s - 2 scrolls of enchant weapon {unknown}
 A - 6 scrolls of immolation
 H - 3 scrolls of teleportation
 J - a scroll of identify
 K - a scroll of blinking {unknown}
 Q - 2 scrolls of poison
Potions
 a - a potion of magic
 c - 2 potions of brilliance
 f - 2 potions of haste
 h - 3 potions of heal wounds
 n - 5 potions of flight
 p - 3 potions of degeneration
 r - 4 potions of attraction
 t - 5 potions of might
 u - 4 potions of mutation
 w - 2 potions of lignification
 z - a potion of invisibility {unknown}
 C - 13 potions of curing
 D - 2 potions of berserk rage
 G - a potion of resistance {unknown}
 L - 4 potions of ambrosia
 R - 3 potions of cancellation


   Skills:
 - Level 12.8 Fighting
 - Level 15.9 Dodging
 - Level 2.6 Stealth
 - Level 10.4 Spellcasting
 - Level 10.0 Hexes
 + Level 10.5 Summonings
 - Level 5.0 Ice Magic
 - Level 7.0 Air Magic
 - Level 8.0 Evocations


You had one spell level left.
You knew the following spells:

 Your Spells              Type           Power      Damage    Failure   Level
a - Summon Mana Viper     Hex/Summ       51%        N/A       2%          5
b - Summon Cactus Giant   Summ           25%        N/A       14%         6
c - Call Canine Familiar  Summ           51%        N/A       1%          3
d - Summon Ice Beast      Ice/Summ       41%        N/A       2%          4
e - Summon Lightning Spi  Summ/Air       45%        N/A       1%          4
f - Tukima's Dance        Hex            50%        N/A       1%          3
g - Summon Guardian Gole  Hex/Summ       51%        N/A       1%          3
i - Swiftness             Air            38%        N/A       1%          3

Your spell library contained the following spells:

 Spells                   Type           Power      Damage    Failure   Level
 Summon Small Mammal      Summ           100%       N/A       1%          1
 Call Imp                 Summ           51%        N/A       1%          2
 Ensorcelled Hibernation  Hex/Ice        80%        N/A       1%          2
 Ozocubu's Armour         Ice            30%        N/A       2%          3
 Kindle Blastsparks       Fire/Tloc/Air  38%        2d13      8%          3
 Fulminant Prism          Conj/Hex       15%        3d10      9%          4
 Leda's Liquefaction      Hex/Erth       15%        N/A       9%          4
 Metabolic Englaciation   Hex/Ice        20%        N/A       9%          5
 Passwall                 Tmut/Erth      8%         N/A       10%         2
 Scorch                   Fire           20%        2d6       10%         2
 Flame Wave               Conj/Fire      10%        2d6       54%         4
 Iskenderun's Mystic Bla  Conj/Tloc      10%        2d4       54%         4
 Blade Hands              Tmut           5%         N/A       88%         5
 Irradiate                Conj/Tmut      5%         3d13      88%         5
 Lee's Rapid Deconstruct  Erth           5%         3d6*      88%         5
 Iron Shot                Conj/Erth      5%         9d2       100%        6
 Dragon Form              Tmut           5%         N/A       100%        7
 Dragon's Call            Summ           25%        N/A       100%        9
 Portal Projectile        Hex/Tloc       Unusable   N/A       N/A         3
 Animate Armour           Summ/Erth      Unusable   N/A       N/A         4
 Simulacrum               Ice/Necr       Unusable   N/A       N/A         6

Dungeon Overview and Level Annotations

Branches:
Dungeon (14/15)            Temple (1/1) D:6            Lair (5/5) D:10
  Swamp (0/4) Lair:2        Snake (1/4) Lair:3        Slime (0/5) Lair:5
    Orc (2/2) D:9             Elf (0/3) Orc:2
 Vaults: D:13-14

Altars:
Ashenzari
Cheibriados
Dithmenos
Elyvilon
Fedhas
Gozag
Hepliaklqana
Kikubaaqudgha
Makhleb
Nemelex Xobeh
Okawaru
Qazlal
Ru
Sif Muna
Trog
Uskayaw
Vehumet
Wu Jian
Xom
Yredelemnul
Zin
The Shining One
Jiyva

Shops:
D:11 !   Orc:2 ?(:![   Lair:1 :*   Lair:5 =

Annotations:
D:14 Rupert
Orc:1 1 transporter, Zoap's ghost, journeyman MiBe


Innate Abilities, Weirdness & Mutations

You have sharp claws.
You have razor-sharp teeth.
You have supernaturally acute eyesight. (SInv)
You cover ground quickly. (Speed+)
Your thick and shaggy fur keeps you warm. (AC +3, rC+)
Your paws help you pounce on unaware monsters.
You are incapable of wielding weapons or throwing items.
You cannot wear armour.
You gain extra lives every three experience levels.


Message History

Your guardian golem overheats!
Zoap's ghost says, "You cannot hurt me!"
Zoap's ghost hits your guardian golem but does no damage.
Zoap's ghost hits your guardian golem but does no damage.
The orc warrior closely misses you.
Your cactus giant hits Zoap's ghost with a +0 giant spiked club!
Zoap's ghost hits your guardian golem! Flame seeps out of your guardian golem.
Zoap's ghost burns your guardian golem. Flame seeps out of your guardian golem.
The orc warrior hits you from afar with a +6 halberd!!
Zoap's ghost is no longer covered in acid.
Your guardian golem is engulfed in blazing flames.
Flame seeps out of your guardian golem. Zoap's ghost hits your guardian golem!
Your guardian golem disappears in a puff of smoke!
Your guardian golem explodes!
The fiery explosion engulfs your cactus giant!!!
The fiery explosion engulfs the orc warrior!!
The orc warrior dies!
The fiery explosion engulfs Zoap's ghost!!!
Your cactus giant is engulfed in blazing flames.
Your cactus giant misses Zoap's ghost.
What are your orders? t - Meow!
Orders for allies: a - Attack new target. p - Attack previous target. r - Retreat! s - Stop attacking. g - Guard the area. f - Follow me.
Anything else - Cancel.
Gang up on whom?
Press: ? - help, Dir - move target, f/p - Zoap's ghost
Aim: Zoap's ghost, wielding a weapon of flaming (flame, heavily damaged, ally target) Attack!
Zoap's ghost is engulfed in blazing flames.
Your cactus giant is engulfed in blazing flames.
Zoap's ghost hits you but does no damage.
Your cactus giant is engulfed in blazing flames.
Zoap's ghost yells, "Who would have thought, even in death it is a pleasure to sever!"
Zoap's ghost hits you!!
* * * LOW HITPOINT WARNING * * *
Zoap's ghost burns you.
You die...
Your body crumbles into a pile of gold.

##.............##.###...
#.......©..........#.#..
#...#########...........
#..##8.....8##....##....
#..#.........#..........
#..#.#..§○§#.#..#.......
#..#..#.§$#..#...#.#.... ####
#..#....C§§..#....#..... ##..##
##..#..#@.$#..#........#.
#....###...#.#..W..#.#..........
##..###....#©........#))[.....#.
##...#.##...##8/!!}.8##[(.#....#.
.##.#........#########.....#..#..
........#........©...............
.##........................#.....
......................#.........#
.....................###.........


You could see Zoap's ghost (ally target) and a friendly cactus giant (summoned).

Vanquished Creatures
  Saint Roka (Orc:2)
  Joseph (D:8)
  A blink frog (Lair:3)
  A yak (D:11)
  An orc warrior (D:7)
  A kobold brigand (D:6)
  A bullfrog (Lair:3)
  2 electric eels
  An orc priest (D:7)
  2 hobgoblins
  A bat (D:3)
13 creatures vanquished.

Vanquished Creatures (collateral kills)
  A hydra (D:13)
  Erica (Lair:2)
  A catoblepas (Lair:5)
  4 ogre magi (Orc:2)
  3 two-headed ogres
  3 death yaks
  Nergalle (Orc:2)
  Sonja (Orc:1)
  A deep elf pyromancer (D:13)
  A manticore (D:12)
  5 orc sorcerers
  3 cyclopes
  7 elephants (Lair:5)
  Maurice (D:8)
  2 black mambas (Lair:1)
  A gargoyle (D:10)
  An orange demon (D:8)
  Maggie (Lair:1)
  6 cane toads
  5 komodo dragons
  An unseen horror (D:10)
  Psyche (D:8)
  2 burning bushes (Lair:1)
  3 polar bears
  4 trolls
  2 meliai (D:13)
  9 blink frogs
  6 dream sheep (Lair:4)
  Sigmund (D:5)
  8 slime creatures (D:12)
  30 yaks
  A spriggan (Lair:3)
  2 shadows
  A vampire (D:9)
  A wraith (D:13)
  3 basilisks
  4 wyverns
  A steam dragon (D:9)
  14 vampire mosquitoes
  8 water moccasins
  A warg (Orc:1)
  An acid dragon (D:12)
  23 orc warriors
  4 black bears
  A sky beast (D:7)
  13 ogres
  18 wolves
  5 centaurs
  2 kobold brigands
  A gnoll sergeant (D:9)
  2 necrophages (D:7)
  7 bullfrogs
  2 scorpions
  10 wights
  3 killer bees (D:10)
  An electric eel (D:10)
  4 howler monkeys
  4 nameless horrors
  3 jellies
  20 orc priests
  4 gnoll boudas (D:8)
  4 hounds (D:10)
  Terence (D:3)
  2 iguanas
  35 orc wizards
  21 gnolls
  10 adders
  A shadow imp (D:4)
  2 white imps
  An ufetubus (D:5)
  4 worms
  2 dart slugs
  98 orcs
  3 bats
  6 endoplasms
  3 giant cockroaches
  7 goblins
  6 hobgoblins
  7 jackals
  3 quokkas
  6 ball pythons
  4 frilled lizards
  11 kobolds
  3 rats (D:2)
  2 butterflies (Lair:5)
522 creatures vanquished.

Vanquished Creatures (others)
  Fannar (Lair:3)
  2 hydras (Lair:5)
  A catoblepas (Lair:5)
  2 tengu warriors (D:14)
  A deep troll shaman (Lair:5)
  6 death yaks
  Amaemon (D:8)
  An orc sorcerer (Orc:2)
  A cyclops (D:9)
  5 elephants (Lair:5)
  A cane toad (Lair:5)
  2 trolls
  A polar bear (Lair:1)
  A wyvern (Lair:2)
  A yak (D:11)
  3 dancing weapons
  5 orc warriors
  An ice beast (D:7)
  2 wolves (Lair:5)
  2 ogres (D:8)
  5 centaurs
  A bullfrog (Lair:2)
  A scorpion (D:5)
  3 wights (D:5)
  A killer bee (D:10)
  A howler monkey (D:7)
  A hound (D:10)
  2 orc priests
  3 orc wizards
  2 gnolls
  5 orcs
  A bush (Lair:4)
  24 fungi
  44 plants
134 creatures vanquished.

Grand Total: 669 creatures vanquished

Notes
Turn   | Place    | Note
-------+----------+-------------------------------------------
     0 | D:1      | NinjaNoafa the Felid Summoner began the quest for the Orb.
     0 | D:1      | Reached XP level 1. HP: 7/7 MP: 4/4
   591 | D:1      | Reached XP level 2. HP: 11/11 MP: 1/6
   667 | D:1      | Learned a level 2 spell: Call Imp
  1562 | D:2      | Reached XP level 3. HP: 14/14 MP: 8/8
  1762 | D:3      | Found a broken altar of Ashenzari.
  1775 | D:3      | Found the +2 cloak of the Thief {*Fog Slay-2 SInv Stlth+}
  1792 | D:2      | Learned a level 3 spell: Call Canine Familiar
  2051 | D:2      | Reached XP level 4. HP: 17/18 MP: 9/9
  2282 | D:3      | Learned a level 3 spell: Summon Guardian Golem
  2367 | D:3      | Found a blossoming altar of Fedhas.
  2368 | D:3      | Found an iron altar of Okawaru.
  2369 | D:3      | Found a shadowy altar of Dithmenos.
  2452 | D:3      | Reached skill level 1 in Hexes
  2675 | D:3      | Noticed Terence
  2690 | D:3      | Killed Terence
  2849 | D:3      | Reached XP level 5. HP: 21/21 MP: 10/10
  3098 | D:3      | Found a faded altar of an unknown god.
  3227 | D:4      | Reached skill level 5 in Hexes
  3234 | D:4      | Reached skill level 5 in Summonings
  3516 | D:4      | Gained mutation: You are covered in thick fur. (AC +2)
                  | [Felid growth]
  3516 | D:4      | Reached XP level 6. HP: 24/24 MP: 4/12
  4293 | D:4      | Reached XP level 7. HP: 27/27 MP: 14/14
  4645 | D:5      | Entered Level 5 of the Dungeon
  5471 | D:4      | Reached skill level 5 in Spellcasting
  5699 | D:5      | Killed by an exploding themself... ignited by their inner
                  | flame
  5700 | D:5      | Reached XP level 6. HP: -9/24 MP: 0/23
  5745 | D:5      | Killed a water moccasin
  5755 | D:5      | Reached XP level 7. HP: 27/27 MP: 14/16
  5756 | D:5      | Noticed Sigmund
  5785 | D:5      | Killed Sigmund
  5999 | D:5      | Reached XP level 8. HP: 31/31 MP: 17/18
  6524 | D:6      | Identified the +4 falchion of Division {antimagic, Str+2}
  6525 | D:6      | Found a staircase to the Ecumenical Temple.
  6580 | D:6      | HP: 1/31 [poisoned by a kobold brigand]
  6585 | D:6      | Reached skill level 1 in Fighting
  6587 | Temple   | Entered the Ecumenical Temple
  7028 | D:6      | Learned a level 4 spell: Summon Lightning Spire
  7164 | D:6      | Found an opulent altar of Gozag.
  7170 | D:6      | Became a worshipper of Gozag Ym Sagoz the Greedy
  7602 | D:6      | Reached skill level 3 in Dodging
  7602 | D:6      | Reached skill level 1 in Air Magic
  7980 | D:7      | Reached skill level 4 in Dodging
  8077 | D:7      | Found a snail-covered altar of Cheibriados.
  8207 | D:7      | Noticed a nameless horror
  8329 | D:7      | Reached XP level 9. HP: 25/38 MP: 9/20
  8430 | D:6      | Learned a level 3 spell: Swiftness
  8474 | D:7      | Reached skill level 5 in Dodging
  8646 | D:7      | Identified the +8 falchion of Courage {heavy, rPois rF+
                  | rC++ Will-}
  8794 | D:7      | Found a transporter.
  8794 | D:7      | Found a transporter.
  8928 | D:7      | Reached skill level 5 in Fighting
  9448 | D:8      | Noticed Psyche
  9452 | D:8      | Noticed Maurice
  9456 | D:8      | Killed Psyche
  9462 | D:8      | Killed Maurice
  9512 | D:8      | Noticed an orange demon
  9515 | D:8      | Noticed Amaemon
  9517 | D:8      | Noticed Joseph
  9971 | D:8      | Reached skill level 5 in Air Magic
 10178 | D:8      | HP: 2/40 [centaur/arrow (10)]
 10184 | D:8      | Shot with an arrow by a centaur
 10185 | D:8      | Reached XP level 8. HP: -6/37 MP: 0/28
 10327 | D:8      | Killed an orange demon
 10328 | D:8      | Reached XP level 9. HP: 40/40 MP: 12/20
 10336 | D:8      | Killed Amaemon
 10337 | D:8      | Reached skill level 5 in Evocations
 10945 | D:8      | Killed Joseph
 11492 | D:9      | Reached XP level 10. HP: 40/44 MP: 16/22
 11616 | D:9      | Noticed a cyclops
 11631 | D:9      | Killed a cyclops
 11866 | D:9      | Reached skill level 6 in Dodging
 12057 | D:9      | Found a staircase to the Orcish Mines.
 14054 | D:10     | Entered Level 10 of the Dungeon
 14097 | D:10     | Noticed a gargoyle
 14115 | D:10     | Killed a gargoyle
 14534 | D:10     | Reached XP level 11. HP: 48/48 MP: 20/24
 14561 | D:10     | Reached skill level 10 in Summonings
 14628 | D:10     | Reached skill level 7 in Dodging
 14650 | D:10     | Found a staircase to the Lair.
 15119 | D:10     | Identified the +7 dagger of the Burning God {speed, rElec
                  | Will+ Str+3 Int-5}
 15142 | Lair:1   | Entered Level 1 of the Lair of Beasts
 15372 | Lair:1   | Noticed Maggie
 15389 | Lair:1   | Killed Maggie
 15402 | Lair:1   | Reached skill level 8 in Dodging
 15546 | Lair:1   | Bought a scroll labelled KEIFOI TOIPLO for 29 gold pieces
 15789 | Lair:1   | Found a shimmering blue altar of Sif Muna.
 16345 | Lair:1   | Reached skill level 10 in Spellcasting
 16631 | Lair:2   | Reached skill level 9 in Dodging
 16736 | Lair:2   | Noticed Erica
 16736 | Lair:2   | Noticed a death yak
 16737 | Lair:2   | Noticed a death yak
 16737 | Lair:2   | Noticed a death yak
 16737 | Lair:2   | Noticed a death yak
 16747 | Lair:2   | Noticed a death yak
 16753 | Lair:2   | Killed a death yak
 17011 | Lair:2   | Killed Erica
 17024 | Lair:2   | Killed a death yak
 17037 | Lair:2   | Killed a death yak
 17038 | Lair:2   | Gained mutation: Your thick and shaggy fur keeps you warm.
                  | (AC +3, rC+) [Felid growth]
 17038 | Lair:2   | Reached XP level 12. HP: 55/55 MP: 18/27
 17052 | Lair:2   | Killed a death yak
 17053 | Lair:2   | Reached skill level 10 in Dodging
 17062 | Lair:2   | Killed a death yak
 17588 | Lair:2   | Found a staircase to the Swamp.
 18220 | Lair:3   | Found a staircase to the Snake Pit.
 18243 | Lair:3   | Found a gate leading to a gauntlet.
 18244 | Lair:3   | Noticed Fannar
 18304 | Lair:3   | Killed Fannar
 18305 | Lair:3   | Reached skill level 1 in Ice Magic
 19338 | Lair:1   | Bought the Information on Accompaniment and Hyperthermia
                  | for 640 gold pieces
 19344 | Lair:1   | Learned a level 4 spell: Summon Ice Beast
 19520 | Lair:4   | Reached skill level 5 in Ice Magic
 19702 | Lair:4   | Reached skill level 11 in Dodging
 20581 | Lair:4   | Learned a level 3 spell: Ozocubu's Armour
 20585 | Lair:4   | Learned a level 3 spell: Tukima's Dance
 20617 | Lair:5   | Entered Level 5 of the Lair of Beasts
 20625 | Lair:5   | Noticed a catoblepas
 21026 | Lair:5   | Killed a catoblepas
 21551 | Lair:5   | Reached skill level 12 in Dodging
 21553 | Lair:5   | Reached XP level 13. HP: 61/61 MP: 24/28
 21573 | Lair:5   | Reached skill level 10 in Fighting
 21841 | Lair:5   | Found a staircase to the Slime Pits.
 21842 | Lair:5   | Found a viscous altar of Jiyva.
 22606 | Lair:5   | Reached skill level 13 in Dodging
 23699 | Lair:5   | Reached skill level 14 in Dodging
 23975 | Orc:1    | Entered Level 1 of the Orcish Mines
 24293 | Orc:2    | Entered Level 2 of the Orcish Mines
 24478 | Orc:1    | Noticed Sonja
 24493 | Orc:1    | Killed Sonja
 24537 | Orc:1    | Found a transporter.
 24728 | Orc:1    | Noticed Zoap's ghost (journeyman MiBe)
 24916 | Orc:1    | Found a transporter.
 25153 | Orc:2    | Noticed Saint Roka
 25398 | D:11     | Found Poif's Distillery.
 25563 | D:11     | Bought a potion of ambrosia for 120 gold pieces
 25563 | D:11     | Bought a potion of curing for 45 gold pieces
 25563 | D:11     | Bought a potion of brilliance for 60 gold pieces
 26083 | Lair:1   | Bought Dikipisch's Directory of the Wyrd for 672 gold
                  | pieces
 26090 | Lair:1   | Learned a level 5 spell: Summon Mana Viper
 26894 | D:12     | Reached skill level 15 in Dodging
 27163 | D:12     | Found the +6 lightning scales {swift, rElec}
 28055 | D:12     | Reached XP level 14. HP: 69/69 MP: 2/29
 29118 | D:13     | Killed from afar by a meliai
 29119 | D:13     | Reached XP level 13. HP: -2/65 MP: 0/28
 29618 | D:13     | Noticed a spark wasp
 29679 | D:13     | Noticed a ghost moth
 29875 | D:14     | Noticed Rupert
 29904 | D:14     | Demolished by Rupert
 29905 | D:14     | Reached XP level 12. HP: -19/61 MP: 0/27
 30295 | D:7      | Reached skill level 10 in Hexes
 30568 | Snake:1  | Entered Level 1 of the Snake Pit
 30861 | Orc:2    | Killed Saint Roka
 31313 | Orc:2    | Found a staircase to the Elven Halls.
 31716 | Orc:2    | Found Optomext's Magic Scroll Emporium.
 31726 | Orc:2    | Bought a scroll of identify for 26 gold pieces
 31726 | Orc:2    | Bought a scroll of amnesia for 52 gold pieces
 31726 | Orc:2    | Bought a scroll of amnesia for 52 gold pieces
 31726 | Orc:2    | Bought a scroll of teleportation for 39 gold pieces
 31726 | Orc:2    | Bought a scroll of fog for 52 gold pieces
 31726 | Orc:2    | Bought a scroll of poison for 52 gold pieces
 31771 | Orc:2    | Noticed an ogre mage
 31777 | Orc:2    | Killed an ogre mage
 31799 | Orc:2    | Noticed an ogre mage
 31818 | Orc:2    | Killed an ogre mage
 32009 | Orc:2    | Found Etoth's Book Shop.
 32029 | Orc:2    | Found an ancient bone altar of Kikubaaqudgha.
 32030 | Orc:2    | Noticed Nergalle
 32044 | Orc:2    | Killed Nergalle
 32078 | Orc:2    | Noticed an ogre mage
 32113 | Orc:2    | Killed an ogre mage
 32286 | Orc:2    | Noticed an ogre mage
 32293 | Orc:2    | Killed an ogre mage
 32400 | Orc:2    | Found a radiant altar of Vehumet.
 32423 | Orc:2    | Found Xamo's Antique Armour Boutique.
 32480 | Orc:2    | Reached XP level 13. HP: 65/65 MP: 9/28
 32573 | Orc:2    | Found Xualoil's Distillery.
 32584 | Orc:2    | Bought 3 potions of cancellation for 360 gold pieces
 32584 | Orc:2    | Bought a potion of curing for 45 gold pieces
 32584 | Orc:2    | Bought a potion of curing for 45 gold pieces
 32584 | Orc:2    | Bought a potion of curing for 45 gold pieces
 32584 | Orc:2    | Bought a potion of curing for 45 gold pieces
 32584 | Orc:2    | Bought a potion of berserk rage for 75 gold pieces
 32592 | Orc:2    | Learned a level 6 spell: Summon Cactus Giant
 32598 | Orc:2    | Found Etuiddog's Antique Weapon Boutique.
 33255 | Orc:1    | HP: 3/65 [Zoap's ghost (20)]
 33255 | Orc:1    | Slain by Zoap's ghost

Illustrated notes

Levels and vault maps discovered:
D:1:      minmay_arrival_arboretum_small, layout_basic, minmay_misc_feat_iff,
          st_stairs_5, chequers_avenue
D:2:      layout_basic
D:3:      layout_basic, cheibrodos_ashenzari_chains,
          chequers_temple_overflow_statue_of_worship,
          shapermc_ecumenical_altar_acropolis, kennysheep_generic_room_10,
          uniq_terence
D:4:      layout_loops_corners
D:5:      layout_rooms, uniq_sigmund
D:6:      layout_cave_pods, grunt_gozag_statues, minmay_temple_entry_offerings,
          corexii_checkpoint_a
D:7:      gammafunk_beogh_shrine, layout_basic, slow_altar_1,
          hangedman_decor_riveting
D:8:      kennysheep_seaside_town, layout_cave_pools, uniq_amaemon,
          uniq_maurice, uniq_joseph, uniq_psyche
D:9:      layout_stronghold, david_orc_5
D:10:     layout_long_grid, erik_lair_island, kennysheep_flooded_box,
          kennysheep_generic_room_13
D:11:     layout_rooms, serial_shops, nicolae_shop_hallway_plus
D:12:     layout_long_grid
D:13:     layout_roguey, minmay_ruined_shrine
D:14:     layout_basic, david_vaults_4, portal_ice_cave_entry_pillars_1,
          minivault_25, uniq_rupert
Temple:   minmay_temple_bridge_d
Lair:1:   layout_regular_city, basic_altar, evilmike_ambush
          [evilmike_ambush_outer_corners, evilmike_ambush_inner_basic],
          grunt_megastairs_2, uniq_maggie
Lair:2:   layout_gridlike, minmay_swamp_entry_swarm,
          lightli_volcano_entry_magma_tube, uniq_erica
Lair:3:   layout_chaotic_city, dummy_snake_entry, gauntlet_entry_generic,
          grunt_forest_stairs_clearing, lemuel_fruit_tree, uniq_fannar
Lair:4:   layout_cave_pods
Lair:5:   grunt_lair_end_beastmaster, layout_long_grid, slime_entry_1,
          serial_bayou_shore_b, lemuel_fruit_fields
Snake:1:  layout_onion, nicolae_snake_shapes, uniq_agnes
Orc:1:    layout_caves, gammafunk_ghost_arena, nicolae_orc_crystal_geode,
          uniq_sonja
Orc:2:    kennysheep_orc_mage_school, layout_caves, serial_shops, shop,
          uniq_saint_roka

Skill      XL: |  1  2  3  4  5  6  7  8  9 10 11 12 13 14 |
---------------+-------------------------------------------+-----
Spellcasting   | 3 4 6 7 8 10 | 10.4
Hexes          | 3 5 10 9 | 10.0
Summonings     | 5 7 8 9 10 | 10.5
Fighting       | 3 5 6 8 9 12 | 12.8
Dodging        | 4 5 6 9 12 15 | 15.9
Air Magic      | 2 7 |  7.0
Evocations     | 5 7 8 |  8.0
Ice Magic      | 5 |  5.0
Stealth        | |  2.6

Action                   |  1- 3 |  4- 6 |  7- 9 | 10-12 | 13-15 || total
-------------------------+-------+-------+-------+-------+-------++-------
Melee: Unarmed           |     2 |     4 |    23 |    39 |     9 ||    77
       Bite              |       |       |     3 |     8 |     1 ||    12
       Punch             |       |       |     1 |       |       ||     1
 Cast: Summon Small Mamm |    41 |    49 |   113 |    90 |    45 ||   338
       Call Imp          |     8 |    21 |    43 |    50 |    35 ||   157
       Call Canine Famil |     4 |    26 |    57 |    66 |    47 ||   200
       Summon Guardian G |       |     8 |    44 |    37 |    38 ||   127
       Summon Lightning  |       |       |    21 |   100 |    25 ||   146
       Swiftness         |       |       |     3 |    11 |     6 ||    20
       Summon Ice Beast  |       |       |       |    36 |    62 ||    98
       Summon Mana Viper |       |       |       |    19 |    37 ||    56
       Tukima's Dance    |       |       |       |     3 |     6 ||     9
       Ozocubu's Armour  |       |       |       |     1 |     4 ||     5
       Summon Cactus Gia |       |       |       |       |     3 ||     3
Invok: Call Merchant     |       |       |       |     2 |     1 ||     3
Evoke: Wand              |       |       |     4 |    11 |     7 ||    22
  Use: Potion            |       |       |     6 |     1 |     1 ||     8
       Scroll            |       |       |    11 |    12 |     7 ||    30
 Stab: Fleeing           |       |       |       |     1 |       ||     1
       Sleeping          |       |       |       |       |     1 ||     1
Armor: Skin              |     2 |     2 |     8 |    39 |    19 ||    70
Dodge: Dodged            |    26 |    17 |   153 |   328 |   261 ||   785

Table legend: (Time is in decaauts)
 A = Elapsed time spent in this place.
 B = Non-inter-level travel time spent in this place.
 C = Inter-level travel time spent in this place.
 D = Time resting spent in this place.
 E = Time spent auto-exploring this place.
 F = Levels seen in this place.
 G = Mean time per level.
                   A        B        C        D        E       F      G
               +--------+--------+--------+--------+--------+-----+--------+
         Total |  29860 |  27500 |   2360 |    191 |  21022 |  23 | 1298.3 |
       Dungeon |  17879 |  16274 |   1605 |    141 |  12288 |  14 | 1277.1 |
        Temple |    291 |    284 |      7 |      0 |    276 |   1 |  291.0 |
          Lair |   7864 |   7324 |    540 |     50 |   5605 |   5 | 1572.8 |
     Snake Pit |      4 |      4 |      0 |      0 |      0 |   1 |    4.0 |
  Orcish Mines |   3820 |   3614 |    206 |      0 |   2853 |   2 | 1910.0 |
               +--------+--------+--------+--------+--------+-----+--------+

Top non-repeatable levels by time:
     D:9: 2620 daAuts
   Orc:2: 2600 daAuts
     D:4: 2224 daAuts
  Lair:5: 2219 daAuts
     D:8: 1982 daAuts
    D:12: 1802 daAuts
  Lair:4: 1784 daAuts
     D:7: 1616 daAuts
  Lair:2: 1533 daAuts
  Lair:1: 1281 daAuts
   Orc:1: 1219 daAuts
     D:6: 1170 daAuts
     D:1: 1085 daAuts
    D:10: 1084 daAuts
  Lair:3: 1045 daAuts
